 Dungeon Crawl Stone Soup version 0.22.0 (webtiles) character file.

833 rjrrt the Cleaver (level 7, 0/57 HPs)
             Began as a Minotaur Berserker on Aug 11, 2018.
             Was an Elder of Trog.
             Killed by nerve-wracking pain
             ... invoked by an orc priest
              (13 damage)
             ... on level 5 of the Dungeon.
             The game lasted 00:07:13 (4044 turns).

rjrrt the Cleaver (Minotaur Berserker)              Turns: 4044, Time: 00:07:13

Health: 0/57       AC: 10    Str: 23    XL:     7   Next: 65%
Magic:  6/6        EV:  8    Int:  7    God:    Trog [****..]
Gold:   218        SH:  0    Dex: 10    Spells: 6/6 levels left

rFire    . . .     SeeInvis .   a - +1 hand axe
rCold    . . .     Gourm    .   (no shield)
rNeg     . . .     Faith    .   n - +0 chain mail
rPois    .         Spirit   .   (helmet restricted)
rElec    .         Reflect  .   u - +1 cloak
rCorr    .         Harm     .   (no gloves)
MR       .....                  (no boots)
Stlth    ..........             (no amulet)
HPRegen  0.19/turn              l - +3 ring of intelligence
MPRegen  0.10/turn              (no ring)

@: no status effects
A: retaliatory headbutt, horns 2
a: Berserk, Trog's Hand, Brothers in Arms, Renounce Religion


You were on level 5 of the Dungeon.
You worshipped Trog.
Trog was greatly pleased with you.
You were not hungry.

You visited 1 branch of the dungeon, and saw 5 of its levels.

You collected 218 gold pieces.

Inventory:

Hand Weapons
 a - a +1 hand axe (weapon)
 b - a +0 trident
 q - a +0 morningstar
Missiles
 h - a throwing net (quivered)
Armour
 n - a +0 chain mail (worn)
 u - a +1 cloak (worn)
Jewellery
 l - a +3 ring of intelligence (left hand)
Wands
 g - a wand of paralysis (9)
 t - a wand of flame (23)
Scrolls
 d - a scroll of remove curse
 j - a scroll of enchant weapon
 p - 4 scrolls of teleportation
Potions
 e - 2 potions of haste
 f - 2 potions of resistance
 i - a potion of flight {unknown}
 k - a potion of ambrosia
 o - a potion of lignification
 s - a potion of magic {unknown}
Comestibles
 c - 9 rations
 m - 2 chunks of flesh


   Skills:
 - Level 3.6 Fighting
 + Level 10.9 Axes
 - Level 2.4 Armour
 - Level 2.1 Dodging


You had 6 spell levels left.
You didn't know any spells.
Your spell library was empty.

Dungeon Overview and Level Annotations

Branches:
Dungeon (5/15)             Temple (0/1) D:4

Altars:
Hepliaklqana
Sif Muna
Trog
Xom
Zin
The Shining One

Shops:
D:4 %


Innate Abilities, Weirdness & Mutations

You reflexively headbutt those who attack you in melee.
You have a pair of horns on your head.


Message History

The orc wizard casts a spell.
The orc wizard blinks!
You hit the orc priest but do no damage.
The orc priest is heavily wounded.
You barely miss something.
You hear some strange, mumbled words.
A puff of flame appears from out of thin air!
The puff of flame hits you!
The orc priest hits you but does no damage.
Your chain mail prevents you from hitting the orc priest.
Your headbutt misses the orc priest.
The orc priest is heavily wounded.
You hit something but do no damage.
You hear some strange, mumbled words.
A magic dart appears from out of thin air!
The magic dart hits you!
* * * LOW HITPOINT WARNING * * *
The orc priest invokes the aid of Beogh against you.
Pain shoots through your body!
You die...

....#.....#.....<.# #.....
....#.##..#.......#### #.....
'####.#####..........# #.....
...#......#..........# #.....
...#......#..........# #.....
...#......#..........+ #.....
####.####'#..........#######.....
####.#......#####...............#
'....#......#...@...............#
#..<.#......#..o#)..............'
####+#......##..#...............#
............#.§#############....
............#...'...... #....
............#...#o..... #..).
............#...# .o?.. #....
............#...# §... #....
............#...# ... #....


You could see an orc priest.

Vanquished Creatures
  Menkaure (D:4)
  3 ogres
  A phantom (D:5)
  A crimson imp (D:5)
  A hound (D:4)
  An orc priest (D:4)
  2 orc wizards
  A worker ant (D:4)
  Robin (D:2)
  3 gnolls (D:2)
  3 adders
  6 worms
  A dart slug (D:1)
  3 leopard geckos
  12 orcs
  A ball python (D:3)
  6 giant cockroaches
  12 goblins
  15 hobgoblins
  6 jackals (D:1)
  2 quokkas
  4 bats (D:1)
  4 frilled lizards
  2 jackal zombies (D:5)
  4 kobolds
  A leopard gecko skeleton (D:4)
  11 rats
108 creatures vanquished.

Notes
Turn   | Place    | Note
-------+----------+-------------------------------------------
     0 | D:1      | rjrrt the Minotaur Berserker began the quest for the Orb.
     0 | D:1      | Reached XP level 1. HP: 19/19 MP: 0/0
     9 | D:1      | Noticed an ogre
    34 | D:1      | Reached skill level 4 in Axes
    48 | D:1      | Reached XP level 2. HP: 19/26 MP: 1/1
   265 | D:1      | Reached ** piety under Trog
   265 | D:1      | Reached skill level 5 in Axes
   373 | D:1      | Reached XP level 3. HP: 26/31 MP: 2/2
   788 | D:2      | Found a shimmering altar of Xom.
   844 | D:2      | Found a glowing golden altar of the Shining One.
   879 | D:2      | Reached XP level 4. HP: 39/39 MP: 3/3
   880 | D:2      | Reached skill level 6 in Axes
  1092 | D:2      | Noticed Robin
  1120 | D:2      | Killed Robin
  1121 | D:2      | Reached *** piety under Trog
  1253 | D:3      | Reached XP level 5. HP: 30/45 MP: 4/4
  1257 | D:3      | Reached skill level 7 in Axes
  1542 | D:3      | Found a glowing silver altar of Zin.
  1554 | D:3      | Found a deep blue altar of Sif Muna.
  1577 | D:3      | Noticed a moth of wrath
  1580 | D:3      | Found a bloodstained altar of Trog.
  1918 | D:3      | Found a hazy altar of Hepliaklqana.
  2390 | D:4      | Found a staircase to the Ecumenical Temple.
  2520 | D:4      | Reached skill level 8 in Axes
  2551 | D:4      | Noticed Menkaure
  2578 | D:4      | Reached XP level 6. HP: 42/51 MP: 5/5
  2678 | D:4      | Killed Menkaure
  2678 | D:4      | Reached skill level 9 in Axes
  3371 | D:4      | Found Azaofulepnil's Food Emporium.
  3491 | D:4      | Found the +4 robe of Augmentation {Str+4 Int+4 Dex+4}
  3571 | D:5      | Entered Level 5 of the Dungeon
  3582 | D:5      | Reached XP level 7. HP: 57/57 MP: 6/6
  3592 | D:5      | Reached skill level 10 in Axes
  3711 | D:5      | Reached **** piety under Trog
  4044 | D:5      | Killed from afar by an orc priest

Skill      XL: |  1  2  3  4  5  6  7 |
---------------+----------------------+-----
Axes           | 4 5 6 8 9 10 | 10.9
Fighting       | |  3.6
Armour         | |  2.4
Dodging        | |  2.1

Action                   |  1- 3 |  4- 6 |  7- 9 || total
-------------------------+-------+-------+-------++-------
Melee: Hand axe          |    74 |   143 |    29 ||   246
       Headbutt          |     7 |    20 |     7 ||    34
Invok: Berserk           |     2 |     1 |     1 ||     4
  Use: Scroll            |       |    13 |       ||    13
  Eat: Chunk             |     1 |     9 |       ||    10
       Ration            |       |       |     1 ||     1
Armor: Animal skin       |     9 |       |       ||     9
       Chain mail        |    14 |    67 |    12 ||    93
Dodge: Dodged            |    47 |    55 |     7 ||   109
